 Dungeon Crawl Stone Soup version 0.30-a0-368-g86fb4627a9 (webtiles) character file.

Game seed: 1003392601050804467

77 Manisia the Grave Robber (level 4, -2/33 HPs)
             Began as a Ghoul Necromancer on Nov 19, 2022.
             Slain by a worm (7 damage)
             ... on level 2 of the Dungeon.
             The game lasted 00:03:46 (1225 turns).

Manisia the Grave Robber (Ghoul Necromancer)        Turns: 1225, Time: 00:03:47

Health: -2/33      AC:  2    Str: 11    XL:     4   Next: 34%
Magic:  1/6        EV: 12    Int: 12    God:
Gold:   63         SH:  0    Dex:  9    Spells: 3/7 levels left

rFire   + . .      SeeInvis .    (no weapon)
rCold   + . .      Faith    .    (no shield)
rNeg    + + +      Spirit   .    f - +0 robe {rF+}
rPois   ∞          Reflect  .    (no helmet)
rElec   .          Harm     .    (no cloak)
rCorr   .          Rampage  .    (no gloves)
Will    .....                    (no boots)
Stlth   ++........               (no amulet)
HPRegen 0.00/turn                (no ring)
MPRegen 0.10/turn                (no ring)

@: inhibited regen
A: claws 1, cold resistance 1, negative energy resistance 3, inhibited
regeneration, torment resistance 2, devour on kill
a: no special abilities


You were on level 2 of the Dungeon.
You visited 1 branch of the dungeon, and saw 2 of its levels.

You collected 63 gold pieces.

Inventory:

Armour
 a - a +0 robe
 f - a +0 robe of fire resistance (worn)
Jewellery
 i - a ring of ice
Scrolls
 e - 2 scrolls of identify
Potions
 h - 2 potions of flight


   Skills:
 + Level 2.4 Dodging
 + Level 3.2 Stealth
 + Level 2.4 Spellcasting
 + Level 4.4 Necromancy


You had 3 spell levels left.
You knew the following spells:

 Your Spells              Type           Power      Damage    Failure   Level
a - Necrotise             Necr           48%        1d6       4%          1
b - Vampiric Draining     Necr           12%        2d6       13%         3

Your spell library contained the following spells:

 Spells                   Type           Power      Damage    Failure   Level
 Animate Dead             Necr           12%        N/A       38%         4
 Agony                    Necr           12%        N/A       75%         5


Dungeon Overview and Level Annotations

Branches:
Dungeon (2/15)

Altars:

Annotations:
D:1 exclusion: downstairs


Innate Abilities, Weirdness & Mutations

You are immune to poison.
You have sharp fingernails.
Your flesh is cold resistant. (rC+)
You are immune to negative energy. (rN+++)
You do not regenerate when monsters are visible.
You are immune to unholy pain and torment.
You thrive by killing the living.


Message History

The adder is severely wounded.
The adder closely misses you.
Terence barely misses the adder.
You barely miss the adder.
The adder is severely wounded.
The adder bites you.
Terence closely misses the adder.
You miss the adder.
The adder is severely wounded.
Terence crumbles into dust!
The adder bites you.
* * * LOW HITPOINT WARNING * * *
The adder completely misses you.
You scratch the adder.
You kill the adder!
You feel better.
A worm comes into view.
You see here an adder corpse.
Casting: Necrotise (safe; 4% risk of failure)
Confirm with . or Enter, or press ? or * to list all spells.
Aiming: Necrotise (safe; 4% risk of failure)
Press: ? - help, Shift-Dir - straight line, f - worm
Aim: a worm (wandering, hasn't noticed you, chance to affect: 75%)
The worm writhes in agony.
Casting: Necrotise (safe; 4% risk of failure)
Confirm with . or Enter, or press ? or * to list all spells.
Aiming: Necrotise (safe; 4% risk of failure)
Press: ? - help, Shift-Dir - straight line, f/p - worm
Aim: a worm (moderately wounded, chance to affect: 75%)
The worm writhes in agony.
You scratch the worm but do no damage.
The worm is heavily wounded.
You scratch the worm.
The worm is heavily wounded.
The worm bites you!
* * * LOW HITPOINT WARNING * * *
You barely miss the worm.
The worm is heavily wounded.
You barely miss the worm.
The worm is heavily wounded.
The worm bites you!
You die...

#...... ....#..
. ##.....
#......#.
.##...#
#.?.....##.###..
..?.....$..###..
.#.......... ...
..........#
#.....w.# #.#@#
#.#†#
#######.#.#
..........#
#######.### #.#
#.#
##############.#
#..............#


You could see a worm.

Vanquished Creatures
  Terence (D:2)
  An adder (D:2)
  A gnoll (D:1)
  2 dart slugs
  An orc (D:1)
  A ball python (D:1)
  An endoplasm (D:1)
  2 giant cockroaches (D:1)
  3 goblins (D:1)
  3 jackals (D:1)
  A quokka (D:1)
  A bat (D:1)
  3 frilled lizards
  4 kobolds (D:1)
  4 rats (D:1)
29 creatures vanquished.

Vanquished Creatures (collateral kills)
  A kobold (D:1)
1 creature vanquished.

Grand Total: 30 creatures vanquished

Notes
Turn   | Place    | Note
-------+----------+-------------------------------------------
     0 | D:1      | Manisia the Ghoul Necromancer began the quest for the Orb.
     0 | D:1      | Reached XP level 1. HP: 14/14 MP: 2/2
   137 | D:1      | Reached XP level 2. HP: 20/20 MP: 0/3
   463 | D:1      | Reached XP level 3. HP: 21/26 MP: 0/5
  1018 | D:1      | Learned a level 3 spell: Vampiric Draining
  1181 | D:2      | Noticed Terence
  1201 | D:2      | Killed Terence
  1202 | D:2      | Reached XP level 4. HP: 12/33 MP: 0/6
  1225 | D:2      | Slain by a worm

Illustrated notes

Levels and vault maps discovered:
D:1:      lightli_arrival_chessboard, layout_basic
D:2:      layout_loops_ring, basic_altar, minmay_misc_feat_alley,
          minmay_misc_feat_rows, minmay_worlds_worst_comb,
          uniq_crazy_yiuf_cottage, uniq_jessica, uniq_terence

Skill      XL: |  1  2  3 |
---------------+----------+-----
Dodging        | 2 |  2.4
Spellcasting   | 2 |  2.4
Stealth        | 3 |  3.2
Necromancy     | |  4.4

Action                   |  1- 3 |  4- 6 || total
-------------------------+-------+-------++-------
Melee: Unarmed           |    55 |    17 ||    72
       Punch             |     1 |       ||     1
 Cast: Necrotise         |    47 |     2 ||    49
       Vampiric Draining |     2 |       ||     2
  Use: Scroll            |     4 |       ||     4
       Potion            |     1 |     1 ||     2
 Stab: Sleeping          |     1 |       ||     1
Armor: Robe              |     9 |       ||     9
Dodge: Dodged            |    55 |     6 ||    61

Table legend: (Time is in decaauts)
 A = Elapsed time spent in this place.
 B = Non-inter-level travel time spent in this place.
 C = Inter-level travel time spent in this place.
 D = Time resting spent in this place.
 E = Time spent auto-exploring this place.
 F = Levels seen in this place.
 G = Mean time per level.
                   A        B        C        D        E       F      G
               +--------+--------+--------+--------+--------+-----+--------+
         Total |   1225 |   1169 |     56 |      0 |    900 |   2 |  612.5 |
       Dungeon |   1225 |   1169 |     56 |      0 |    900 |   2 |  612.5 |
               +--------+--------+--------+--------+--------+-----+--------+

Top non-repeatable levels by time:
     D:1: 1109 daAuts
     D:2: 115 daAuts
